 Dungeon Crawl Stone Soup version 0.31-a0-133-gaae73658be (console) character file.

Game seed: 15365175695312404323

184 petzl the Sneak (level 5, 0/39 (41) HPs)
             Began as a Formicid Delver on June 2, 2023.
             Splashed by a jelly's acid (10 damage)
             ... on level 4 of the Dungeon.
             The game lasted 00:10:38 (2818 turns).

petzl the Sneak (Formicid Delver)                   Turns: 2818, Time: 00:10:39

HP:   0/39 (41)     AC:  3    Str: 17    XL:     5   Next: 95%
MP:   11/11         EV: 12    Int: 11    God:
Gold: 259           SH:  0    Dex: 15    Spells: 2/12 levels left

rFire   . . .        m - +2 dagger (protect) {!f =f}
rCold   . . .        (no shield)
rNeg    . . .        b - +0 leather armour
rPois   .            (helmet unavailable)
rElec   .            g - +0 cloak
rCorr   .            h - +2 pair of gloves
SInv    +            (no boots)
Will    .....        (no amulet)
Stlth   +++          (no ring)
HPRegen 0.26/turn    (no ring)
MPRegen 0.12/turn

%: no passive effects
@: corroded, lightly drained
A: permanent stasis, dig shafts and tunnels, antennae 3, four strong arms
a: Dig, Shaft Self


You were on level 4 of the Dungeon.
You visited 1 branch of the dungeon, and saw 6 of its levels.

You collected 259 gold pieces.

Inventory:

Hand Weapons
 m - a +2 dagger of protection (weapon) {!f =f}
 r - a +3 dagger of holy wrath {!f =f}
Missiles
 i - 5 datura-tipped darts
 j - 3 poisoned darts
Armour
 b - a +0 leather armour (worn)
 g - a +0 cloak (worn)
 h - a +2 pair of gloves (worn)
 s - an orb of light
Wands
 f - a wand of digging (3)
Scrolls
 c - a scroll of fog
 d - a scroll of magic mapping
 e - a scroll of fear
 n - a scroll of identify
 o - 3 scrolls of immolation
 p - a scroll of teleportation
 q - a scroll of noise
 u - a scroll of blinking
 w - a scroll of amnesia
Potions
 a - a potion of mutation {unknown}
 k - 4 potions of brilliance {unknown}
 l - 2 potions of heal wounds {unknown}
 t - a potion of attraction {unknown}
 v - a potion of haste {unknown}
 x - 2 potions of enlightenment {unknown}


   Skills:
 + Level 3.5 Fighting
 - Level 2.2 Maces & Flails
 + Level 0.1 Armour
 - Level 2.0 Dodging
 + Level 6.2 Stealth
 + Level 4.1 Spellcasting
 * Level 0.4 Conjurations
 * Level 0.7 Ice Magic
 + Level 0.2 Air Magic
 * Level 0.6 Poison Magic
 + Level 0.3 Evocations


You had 2 spell levels left.
You knew the following spells:

 Your Spells              Type           Power      Damage    Failure   Level
a - Poisonous Vapours     Pois/Air       6%         N/A       34%         2
l - Freezing Cloud        Conj/Ice/Air   1%         6-21      100%        5
m - Mephitic Cloud        Conj/Pois/Air  3%         N/A       56%         3

Your spell library contained the following spells:

 Spells                   Type           Power      Damage    Failure   Level
 Blade Hands              Tmut           1%         N/A       100%        5
 Irradiate                Conj/Tmut      1%         3d12      100%        5
 Dragon Form              Tmut           1%         N/A       100%        7


Dungeon Overview and Level Annotations

Branches:
Dungeon (6/15)
 Temple: D:4-7

Altars:

Annotations:
D:3 exclusion: downstairs


Innate Abilities, Weirdness & Mutations

You cannot be hasted, slowed, berserked, paralysed or teleported.
You can dig through walls and to a lower floor.
You have a pair of large antennae on your head. (SInv)
Your four strong arms can wield two-handed weapons with a shield.


Message History

The jelly misses you.
You hit the jelly.
Your hands burn!
The jelly is moderately wounded.
A hound comes into view.
The jelly hits you but does no damage.
The hound moves out of view.
A jackal comes into view.
You barely miss the jelly.
The jelly is moderately wounded.
The jackal barks!
The jelly hits you but does no damage.
You hit the jelly but do no damage.
Your hands burn!
The jelly is moderately wounded.
A jackal comes into view.
The jelly barely misses you.
The jackal barks!
You hit the jelly.
Your hands burn!
The jelly is moderately wounded.
A jackal comes into view. x2
The jelly closely misses you.
The hound barks!
You hit the jelly.
Your hands burn!
The jelly is heavily wounded.
The jelly hits you but does no damage.
You hit the jelly.
Your hands burn!
The jelly is heavily wounded.
The jelly closely misses you.
You hit the jelly but do no damage.
Your hands burn!
The jelly is heavily wounded.
The jelly hits you but does no damage. The jelly attacks as you move away!
The jelly hits you.
You are splashed with acid!
* * * LOW HITPOINT WARNING * * *
The jelly attacks as you move away! The jelly closely misses you.
Are you sure you want to shaft yourself?
The jelly misses you.
You begin to dig a shaft.
You continue digging a shaft.
The jelly hits you.
* * * LOW HITPOINT WARNING * * *
You are splashed with acid!
You die...

... ... ### #.# ##
..##.# .{ hh{.# {#. #..#
##.##.##hh##############
.......hhhJ@...#.......#
?#.#####..####.#>##....
#........#..........#
########.#........#...#
#......#.....#.#
#....#.#..#.##
#..<...#[.....
###........#####
#..........##
#.##.....#.# ..
#.....#.# [. .....#... .
. .##.>..##. #.. #
#..<.. .# #...# ...... #
#...# .S.... #...# #
####...# { .. ......#


You could see a hound, a jelly and 6 jackals.

Vanquished Creatures
  Jessica (D:2)
  Robin (D:2)
  5 adders
  A worm (D:3)
  A dart slug (D:1)
  7 orcs
  7 ball pythons
  4 bats
  2 endoplasms
  5 giant cockroaches
  14 goblins
  8 hobgoblins
  5 jackals (D:3)
  3 quokkas
  6 frilled lizards
  6 kobolds
  11 rats
87 creatures vanquished.

Notes
Turn   | Place    | Note
-------+----------+-------------------------------------------
     0 | D:5      | petzl the Formicid Delver began the quest for the Orb.
     0 | D:5      | Reached XP level 1. HP: 18/18 MP: 1/1
    52 | D:5      | Reached XP level 2. HP: 24/24 MP: 2/2
    97 | D:3      | Reached skill level 1 in Spellcasting
   153 | D:3      | Reached XP level 3. HP: 29/29 MP: 4/4
   238 | D:4      | Noticed an ogre
   335 | D:2      | Noticed Robin
   424 | D:1      | You fall into a shaft and drop 1 floor!
   533 | D:1      | Reached XP level 4. HP: 34/34 MP: 7/7
  1285 | D:2      | Noticed Jessica
  1298 | D:2      | Killed Jessica
  1299 | D:2      | Reached XP level 5. HP: 41/41 MP: 8/10
  1394 | D:2      | Killed Robin
  2005 | D:3      | Learned a level 3 spell: Mephitic Cloud
  2008 | D:3      | Learned a level 2 spell: Poisonous Vapours
  2014 | D:3      | Learned a level 5 spell: Freezing Cloud
  2113 | D:3      | Found a faded altar of an unknown god.
  2818 | D:4      | Splashed by a jelly's acid

Illustrated notes

Levels and vault maps discovered:
D:1:      wander_arrival_lonely_grave, layout_rooms, minmay_stone_trees_small,
          minmay_tall_x
D:2:      layout_basic, grunt_decor_resistance, minmay_misc_feat_rugged,
          amcnicky_mini_pool_small, chequers_big_river, minmay_ruptured,
          uniq_robin, uniq_jessica
D:3:      minmay_general_purpose_star, layout_basic,
          dreamdust_ecumenical_altar_statues
D:4:      layout_loops_cross
D:5:      gammafunk_cloud_chamber, layout_basic,
          minmay_temple_entry_drinking_statues, grunt_ministairs_13
D:6:      layout_loops_cross, uniq_pikel

Skill      XL: |  1  2  3  4  5 |
---------------+----------------+-----
Dodging        | 2 |  2.0
Spellcasting   | 1 2 3 4 |  4.1
Fighting       | |  3.5
Maces & Flails | |  2.2
Armour         | |  0.1
Stealth        | |  6.2
Conjurations   | |  0.4
Ice Magic      | |  0.7
Air Magic      | |  0.2
Poison Magic   | |  0.6
Evocations     | |  0.3

Action                     |  1- 3 |  4- 6 || total
---------------------------+-------+-------++-------
  Melee: Mace              |    72 |       ||    72
         Punch             |     1 |     1 ||     2
         Dagger            |    11 |   208 ||   219
Ability: Dig               |     1 |     1 ||     2
         Shaft Self        |     1 |     1 ||     2
    Use: Scroll            |       |     5 ||     5
   Stab: Sleeping          |     2 |    12 ||    14
         Distracted        |     1 |       ||     1
 Armour: Leather armour    |    43 |    86 ||   129
  Dodge: Dodged            |    87 |   122 ||   209

Table legend: (Time is in decaauts)
 A = Elapsed time spent in this place.
 B = Non-inter-level travel time spent in this place.
 C = Inter-level travel time spent in this place.
 D = Time resting spent in this place.
 E = Time spent auto-exploring this place.
 F = Levels seen in this place.
 G = Mean time per level.
                   A        B        C        D        E       F      G
               +--------+--------+--------+--------+--------+-----+--------+
         Total |   2853 |   2644 |    209 |    120 |   1382 |   6 |  475.5 |
       Dungeon |   2853 |   2644 |    209 |    120 |   1382 |   6 |  475.5 |
               +--------+--------+--------+--------+--------+-----+--------+

Top non-repeatable levels by time:
     D:3: 1086 daAuts
     D:2: 973 daAuts
     D:1: 647 daAuts
     D:4: 84 daAuts
     D:6: 45 daAuts
     D:5: 15 daAuts
